 Dungeon Crawl Stone Soup version 0.19-a0-1107-gc676ff4 (webtiles) character file.

1807 JustSomeDude the Covered (level 8, -1/62 HPs)
             Began as a Demonspawn Fighter on Aug 9, 2016.
             Was a Believer of Uskayaw.
             Slain by an orc
             ... wielding a +0 hand axe
              (4 damage)
             ... on level 7 of the Dungeon.
             The game lasted 00:20:08 (4895 turns).

JustSomeDude the Covered (Demonspawn Fighter)       Turns: 4895, Time: 00:20:10

Health: -1/62      AC:  8    Str: 23    XL:     8   Next: 84%
Magic:  17/17      EV: 13    Int: 10    God:    Uskayaw [**....]
Gold:   357        SH: 10    Dex: 13    Spells: 0 memorised, 7 levels left

rFire  + . .     SeeInvis .     a - +0 war axe
rCold  . . .     Gourm    .     b - +0 scale mail
rNeg   . . .     Faith    .     c - +0 shield
rPois  .         Spirit   .     (helmet restricted)
rElec  .         Dismiss  .     (no cloak)
rCorr  .         Reflect  .     w - +0 pair of gloves
SustAt .         Harm     .     (no boots)
MR     .....                    t - amulet of regeneration
Stlth  ..........               (no ring)
                                v - ring of magical power

@: mighty, hasted, very quick
A: horns 2, repulsion field 2, fire resistance 1, flame cloud immunity
a: Stomp, Line Pass, Renounce Religion


You were on level 7 of the Dungeon.
You worshipped Uskayaw.
Uskayaw was noncommittal.
You were not hungry.

You visited 2 branches of the dungeon, and saw 8 of its levels.

You collected 357 gold pieces.

Inventory:

Hand Weapons
 a - a +0 war axe (weapon)
Missiles
 e - 2 throwing nets (quivered)
Armour
 b - a +0 scale mail (worn)
 c - a +0 shield (worn)
 l - a +2 large shield
 u - a +0 chain mail
 w - a +0 pair of gloves (worn)
 I - a +2 helmet
Jewellery
 p - an uncursed amulet of dismissal
 t - an amulet of regeneration (around neck)
 v - a ring of magical power (left hand)
 B - a cursed -5 ring of intelligence {unknown}
 F - an uncursed ring of stealth {unknown}
Wands
 G - a wand of flame (20/48)
Scrolls
 g - a scroll of fog {unknown}
 i - 4 scrolls of teleportation {unknown}
 m - 3 scrolls of noise {unknown}
 n - 3 scrolls of remove curse {unknown}
 o - 2 scrolls of enchant weapon {unknown}
 q - a scroll of identify {unknown}
 r - 3 scrolls of recharging {unknown}
 s - a scroll of random uselessness {unknown}
 y - a scroll of immolation {unknown}
 C - a scroll of fear {unknown}
 H - a scroll of amnesia {unknown}
Potions
 d - a potion of might
 h - a potion of heal wounds {unknown}
 j - 3 potions of haste
 x - a potion of brilliance {unknown}
 z - 2 potions of resistance {unknown}
 A - a potion of agility {unknown}
 J - a potion of flight {unknown}
Comestibles
 f - 6 bread rations
 k - 5 fruits
 D - a meat ration
 E - a slice of pizza


   Skills:
 + Level 5.3 Fighting
 + Level 4.7 Axes
 + Level 5.9 Armour
 + Level 4.3 Dodging
 + Level 1.2 Stealth
 + Level 5.3 Shields


You had 7 spell levels left.
You didn't know any spells.

Dungeon Overview and Level Annotations

Branches:
Dungeon (7/15)             Temple (1/1) D:6

Altars:
Ashenzari
Cheibriados
Elyvilon
Fedhas
Gozag
Hepliaklqana
Kikubaaqudgha
Makhleb
Nemelex Xobeh
Okawaru
Pakellas
Qazlal
Ru
Sif Muna
Uskayaw
Vehumet
Xom
Yredelemnul
Zin
The Shining One

Shops:
D:4 (

Annotations:
D:5 exclusions: oklob plant and statue


Innate Abilities, Weirdness & Mutations

You have a pair of horns on your head.
You are surrounded by a moderate repulsion field. (EV +3)
Your flesh is heat resistant. (rF+)
You are immune to clouds of flame.


Message History

The orc hits you with a falchion of electrocution.
You are electrocuted!
* * * LOW HITPOINT WARNING * * *
You block the orc's attack. You block the orc warrior's attack.
You hear some strange, mumbled words.
A magic dart appears from out of thin air!
The magic dart hits you!
* * * LOW HITPOINT WARNING * * *
The orc misses you.
You are too injured to fight recklessly!
Unknown command.
You are too injured to fight recklessly!
Unknown command.
You feel very mighty all of a sudden. You block the orc's attack.
The orc warrior hits you with a flail!
* * * LOW HITPOINT WARNING * * *
Something hits you but does no damage.
It was a potion of haste.
You feel yourself speed up. The orc misses you.
The orc hits you with a hand axe.
You die...

# ###.
##...############
.....#..##....#.#####
....................#
#.........>........+
#####..#######....##
##@o##...##....#
#....oo{..)..##....##..
##....o.......'........
#............#........
..............#....####
..............#######
.##..##..##...##....##
#.. #..####'##.....# .
#......).<..+


You could see an orc warrior and 3 orcs.

Vanquished Creatures
  Sigmund (D:4)
  An orc warrior (D:6)
  3 centaurs
  3 ogres
  3 giant frogs
  A scorpion (D:4)
  3 wights (D:7)
  A jelly (D:5)
  2 centaur skeletons
  3 hounds
  6 orc wizards
  2 worker ants
  A killer bee zombie (D:5)
  A hound skeleton (D:4)
  8 gnolls
  10 adders
  An ooze (D:1)
  2 adder skeletons (D:4)
  3 worms
  3 dart slugs
  9 giant geckos
  10 orcs
  5 giant cockroaches
  8 goblins
  9 hobgoblins
  22 jackals
  4 bats
  A giant gecko skeleton (D:4)
  5 giant newts
  16 kobolds
  7 rats
  A spectral orc (D:6)
  A plant (D:3)
156 creatures vanquished.

Notes
Turn   | Place    | Note
-------+----------+-------------------------------------------
     0 | D:1      | JustSomeDude the Demonspawn Fighter began the quest for the Orb.
     0 | D:1      | Reached XP level 1. HP: 18/18 MP: 1/1
    34 | D:1      | Gained mutation: You have a pair of small horns on your head. [demonic ancestry]
    34 | D:1      | Reached XP level 2. HP: 13/24 MP: 2/2
   163 | D:1      | Gained mutation: Your flesh is heat resistant. (rF+) [demonic ancestry]
   163 | D:1      | Reached XP level 3. HP: 16/29 MP: 3/3
   558 | D:2      | Reached skill level 1 in Dodging
   565 | D:2      | Gained mutation: You are surrounded by a mild repulsion field. (EV +2) [demonic ancestry]
   565 | D:2      | Reached XP level 4. HP: 11/36 MP: 4/4
   999 | D:2      | Gained mutation: You are immune to clouds of flame. [demonic ancestry]
   999 | D:2      | Reached XP level 5. HP: 36/42 MP: 5/5
  1386 | D:2      | Found an iron altar of Okawaru.
  1911 | D:3      | Found a sacrificial altar of Ru.
  1913 | D:3      | Found an opulent altar of Gozag.
  2145 | D:4      | Gained mutation: You are surrounded by a moderate repulsion field. (EV +3) [demonic ancestry]
  2145 | D:4      | Reached XP level 6. HP: 16/48 MP: 6/6
  2235 | D:4      | Found a stormy altar of Qazlal.
  2606 | D:4      | Gained mutation: You have a pair of horns on your head. [demonic ancestry]
  2606 | D:4      | Reached XP level 7. HP: 39/55 MP: 7/7
  2656 | D:4      | Noticed Sigmund
  2671 | D:4      | Killed Sigmund
  2675 | D:4      | Reached skill level 5 in Armour
  2898 | D:4      | Found Kunol's Antique Weapon Shoppe.
  3213 | D:5      | Entered Level 5 of the Dungeon
  3382 | D:5      | Found a radiant altar of Vehumet.
  3472 | D:5      | Reached XP level 8. HP: 51/61 MP: 8/8
  3758 | D:5      | Found a blossoming altar of Fedhas.
  3772 | D:5      | Noticed an oklob plant
  4261 | D:6      | Found a basalt altar of Yredelemnul.
  4302 | D:6      | Reached skill level 1 in Stealth
  4304 | D:6      | Reached skill level 5 in Fighting
  4527 | D:6      | Found a staircase to the Ecumenical Temple.
  4553 | D:6      | Reached skill level 5 in Shields
  4568 | D:6      | Found a glowing golden altar of the Shining One.
  4618 | Temple   | Entered the Ecumenical Temple
  4699 | Temple   | Became a worshipper of Uskayaw the Reveler
  4744 | D:6      | Reached * piety under Uskayaw
  4839 | D:7      | Reached ** piety under Uskayaw
  4840 | D:7      | Reached *** piety under Uskayaw
  4844 | D:7      | Reached **** piety under Uskayaw
  4894 | D:7      | HP: 3/62 [orc warrior/flail (8)]
  4895 | D:7      | Slain by an orc

Vault maps used:
D:1:      lemuel_arrival_hallway
D:2:      kennysheep_six_static_rooms, okawaru_gym_becter, wad_floor_pattern_2
D:3:      grunt_temple_overflow_open, hangedman_abyss_or_decor_stabs,
          lexackson_kobold_supper
D:4:      serial_shops, shop, grunt_qazlal_clouds, uniq_sigmund
D:5:      tgw_fedhas, vehumet_statue, first_bread
D:6:      marbit_many_paths, yredelemnul_forgotten_temple_becter,
          nicolae_tso_swordbearing_angel
D:7:      uniq_pikel
Temple:   dshaligram_water_room_temple

Skill      XL: |  1  2  3  4  5  6  7  8 |
---------------+-------------------------+-----
Armour         | 3 4 5 |  5.9
Axes           | 2 3 4 |  4.7
Dodging        | 1 2 3 4 |  4.3
Shields        | 3 4 5 |  5.3
Fighting       | 4 5 |  5.3
Stealth        | 1 |  1.2

Action                   |  1- 3 |  4- 6 |  7- 9 || total
-------------------------+-------+-------+-------++-------
Melee: War axe           |    91 |   212 |   187 ||   490
       Headbutt          |    16 |    56 |    39 ||   111
  Use: Potion            |       |     2 |     3 ||     5
 Stab: Paralysed         |       |       |     2 ||     2
  Eat: Chunk             |       |     6 |     3 ||     9
       Meat ration       |       |       |     1 ||     1
Armor: Scale mail        |    72 |    81 |    74 ||   227
Dodge: Dodged            |    34 |    83 |   101 ||   218
Block: Shield            |    63 |   108 |   125 ||   296
